 Dungeon Crawl Stone Soup version 0.27-a0-416-gca2cecf3c0 (webtiles) character file.

Game seed: 4477582937494051357

22 kniiight the Sneak (level 2, 0/13 HPs)
             Began as a Spriggan Enchanter on Feb 24, 2021.
             Slain by a kobold
             ... wielding a +3 whip of venom
              (2 damage)
             ... on level 2 of the Dungeon.
             The game lasted 00:02:55 (1875 turns).

kniiight the Sneak (Spriggan Enchanter)             Turns: 1875, Time: 00:02:57

Health: 0/13       AC:  2    Str:  4    XL:     2   Next: 68%
Magic:  6/6        EV: 18    Int: 16    God:
Gold:   21         SH:  0    Dex: 15    Spells: 3/6 levels left

rFire    . . .     SeeInvis +   h - +2 dagger (venom)
rCold    . . .     Faith    .   (shield restricted)
rNeg     . . .     Spirit   .   b - +0 robe
rPois    .         Reflect  .   (helmet restricted)
rElec    .         Harm     .   (no cloak)
rCorr    .         Rampage  .   (gloves unavailable)
Will     .....                  (boots unavailable)
Stlth    +++.......             (no amulet)
HPRegen  0.04/turn              (no ring)
MPRegen  0.10/turn              (no ring)

@: lethally poisoned (0 -> -10), flying, very quick
A: very small, unfitting armour, see invisible, speed 3
a: no special abilities


You were on level 2 of the Dungeon.
You visited 1 branch of the dungeon, and saw 2 of its levels.

You collected 21 gold pieces.

Inventory:

Hand Weapons
 a - a +1 dagger
 c - a +0 hunting sling
 h - a +2 dagger of venom (weapon)
Armour
 b - a +0 robe (worn)
Scrolls
 g - a scroll of magic mapping {unknown}
Potions
 e - a potion of heal wounds {unknown}
 f - a potion of curing {unknown}


   Skills:
 + Level 1.8 Short Blades
 + Level 3.1 Dodging
 + Level 5.0 Stealth
 + Level 2.6 Spellcasting
 + Level 3.9 Hexes


You had 3 spell levels left.
You knew the following spells:

 Your Spells              Type           Power        Failure   Level
a - Corona                Hex            15%          3%          1
b - Ensorcelled Hibernat  Hex/Ice        16%          13%         2

Your spell library contained the following spells:

 Spells                   Type           Power        Failure   Level
 Confusing Touch          Hex            14%          12%         3
 Tukima's Dance           Hex            14%          12%         3
 Dazzling Flash           Conj/Hex       16%          26%         3


Dungeon Overview and Level Annotations

Branches:
Dungeon (2/15)

Altars:


Innate Abilities, Weirdness & Mutations

You are very small and have problems with some larger weapons.
You are too small for most types of armour.
You have supernaturally acute eyesight. (SInv)
You cover ground extremely quickly.


Message History

Found a book of Maledictions.
You see here a +0 leather armour.
g - a scroll labelled SUFRUI FUMOUZ
Found a runed dagger.
A goblin comes into view.
A goblin is nearby!
The helpless goblin fails to defend itself.
You impale the goblin!!
You kill the goblin!
Your Stealth skill increases to level 5!
Found an escape hatch in the ceiling.
You see here a +2 dagger of venom.
h - a +2 dagger of venom Your +2 dagger of venom begins to drip with poison!
h - a +2 dagger of venom (weapon)
A goblin comes into view. It is wielding a +0 dagger.
Found 23 stones.
The goblin shouts!
You hear a shout!
The goblin hits you with a +0 dagger.
You hit the goblin but do no damage.
The goblin is poisoned.
A kobold comes into view. It is wielding a +3 whip of venom.
You hit the goblin.
The goblin looks as sick as possible!
The goblin is moderately wounded.
The goblin completely misses you.
A dart slug comes into view.
You kill the goblin!
You start resting.
A kobold is nearby!
The kobold hits you with a +3 whip of venom.
You hit the kobold but do no damage.
The kobold is poisoned.
The kobold hits you with a +3 whip of venom.
* * * LOW HITPOINT WARNING * * *
You are lethally poisoned!
It was a potion of flight.
You feel very buoyant.
You fly up into the air.
* * * LOW HITPOINT WARNING * * *
You feel sick.
The kobold hits you with a +3 whip of venom.
You die...

#.# #.. #.# #.# ..# #.#
.. ##.#####.###########
.. # ..##...............
###<#.#)##.##.##.........
.....w#.##.##.##.##.#.#..
#.#...#.##....#.###..[
#...K@......#.##.#....
#.#...#...............
.(...###.###########....
..#..# ##.# ##... . ##.
#.. .... . ### ####. .#
##


You could see a dart slug and a kobold (poisoned).

Vanquished Creatures
  2 dart slugs (D:1)
  3 giant cockroaches (D:1)
  2 hobgoblins (D:1)
  A kobold (D:1)
  4 bats (D:1)
  3 frilled lizards
  2 goblins (D:2)
  A rat (D:1)
18 creatures vanquished.

Notes
Turn   | Place    | Note
-------+----------+-------------------------------------------
     0 | D:1      | kniiight the Spriggan Enchanter began the quest for the
                  | Orb.
     0 | D:1      | Reached XP level 1. HP: 9/9 MP: 5/5
   856 | D:1      | Reached XP level 2. HP: 13/13 MP: 6/6
   859 | D:1      | Learned a level 2 spell: Ensorcelled Hibernation
  1849 | D:2      | Reached skill level 5 in Stealth
  1875 | D:2      | Slain by a kobold

Illustrated notes

Levels and vault maps discovered:
D:1:      dpeg_arrival_erosion, layout_basic, grunt_decor_fettered
D:2:      layout_loops_ring, good_gods_mini_temple, overflow_temple_1_default

Skill      XL: |  1  2 |
---------------+-------+-----
Dodging        | 3 |  3.1
Stealth        | 5 |  5.0
Short Blades   | |  1.8
Spellcasting   | |  2.6
Hexes          | |  3.9

Action                   || total
-------------------------++-------
Melee: Dagger            ||   100
 Cast: Ensorcelled Hiber ||     4
  Use: Scroll            ||     1
       Potion            ||     1
 Stab: Sleeping          ||     7
Armor: Robe              ||     8
Dodge: Dodged            ||    74

Table legend: (Time is in decaauts)
 A = Elapsed time spent in this place.
 B = Non-inter-level travel time spent in this place.
 C = Inter-level travel time spent in this place.
 D = Time resting spent in this place.
 E = Time spent auto-exploring this place.
 F = Levels seen in this place.
 G = Mean time per level.
                   A        B        C        D        E       F      G
               +--------+--------+--------+--------+--------+-----+--------+
         Total |   1536 |   1518 |     18 |    442 |    829 |   2 |  768.0 |
       Dungeon |   1536 |   1518 |     18 |    442 |    829 |   2 |  768.0 |
               +--------+--------+--------+--------+--------+-----+--------+

Top non-repeatable levels by time:
     D:1: 1494 daAuts
     D:2: 42 daAuts
